 Dungeon Crawl Stone Soup version 0.31-a0-188-g5e087ee2ca (webtiles) character file.

Game seed: 7500150748134837798

73 Anon1729 the Trooper (level 4, -1/40 HPs)
             Began as a Minotaur Monk on June 23, 2023.
             Slain by Ijyb
             ... wielding a +0 club
              (4 damage)
             ... on level 2 of the Dungeon.
             The game lasted 00:02:12 (1865 turns).

Anon1729 the Trooper (Minotaur Monk)                Turns: 1865, Time: 00:02:13

Health: -1/40      AC:  2    Str: 15    XL:     4   Next: 8%
Magic:  4/4        EV: 13    Int:  7    God:
Gold:   59         SH:  0    Dex: 15    Spells: 3/3 levels left

rFire   . . .        a - +0 short sword
rCold   . . .        d - orb {light}
rNeg    . . .        b - +0 robe
rPois   .            (helmet restricted)
rElec   .            (no cloak)
rCorr   .            (no gloves)
SInv    .            (no boots)
Will    .....        m - amulet of the acrobat
Stlth   +            (no ring)
HPRegen 0.26/turn    (no ring)
MPRegen 0.09/turn

%: acrobat
@: mighty, glowing
A: horns 2, retaliatory headbutt
a: no special abilities


You were on level 2 of the Dungeon.
You visited 1 branch of the dungeon, and saw 3 of its levels.

You collected 98 gold pieces.
You spent 39 gold pieces at shops.

Inventory:

Hand Weapons
 a - a +0 short sword (weapon)
Missiles
 o - a throwing net
Armour
 b - a +0 robe (worn)
 d - an orb of light (worn)
Jewellery
 m - an amulet of the acrobat (around neck)
Scrolls
 h - a scroll of enchant armour
 i - 2 scrolls of fear
 j - 3 scrolls of immolation
 p - a scroll of summoning {unknown}
 r - a scroll of teleportation {unknown}
 t - a scroll of acquirement {unknown}
Potions
 c - a potion of ambrosia
 e - a potion of lignification {unknown}
 f - a potion of curing {unknown}
 g - a potion of berserk rage {unknown}
 k - a potion of might
 l - a potion of mutation {unknown}
 n - a potion of heal wounds {unknown}
 q - a potion of haste {unknown}
 s - a potion of resistance {unknown}


   Skills:
 + Level 4.1 Fighting
 + Level 3.8 Short Blades
 + Level 1.5 Armour
 + Level 3.7 Dodging
 * Level 1.7 Invocations


You had 3 spell levels left.
You didn't know any spells.
Your spell library contained the following spells:

 Spells                   Type           Power      Damage    Failure   Level
 Apportation              Tloc           0%         N/A       43%         1
 Necrotise                Necr           0%         1d4       43%         1
 Summon Small Mammal      Summ           0%         N/A       43%         1


Dungeon Overview and Level Annotations

Branches:
Dungeon (3/15)

Altars:

Shops:
D:1 (   D:2 *=?[

Annotations:
D:2 Ijyb


Innate Abilities, Weirdness & Mutations

You have a pair of horns on your head.
You reflexively headbutt those who attack you in melee.


Message History

The floor.
Unknown command.
Ijyb zaps a wand.
The bolt of acid misses you.
You hit Ijyb.
Ijyb is lightly wounded.
Ijyb misses you.
You hit Ijyb.
Ijyb is lightly wounded.
Ijyb hits you with a +0 club.
You hit Ijyb. Your headbutt misses Ijyb.
Ijyb is lightly wounded.
Ijyb screams, "Me very upset!"
Ijyb zaps a wand.
The bolt of acid hits you!
You hit Ijyb. Your headbutt misses Ijyb.
Ijyb is moderately wounded.
You hit Ijyb but do no damage. You headbutt Ijyb, but do no damage.
Ijyb is moderately wounded.
Ijyb zaps a wand.
The bolt of acid hits you!!
* * * LOW HITPOINT WARNING * * *
The now-empty wand crumbles to dust.
You hit Ijyb. Your headbutt misses Ijyb.
Ijyb is moderately wounded.
Ijyb barely misses you.
You barely miss Ijyb.
Ijyb is moderately wounded.
Ijyb closely misses you.
You hit Ijyb but do no damage.
Ijyb is moderately wounded.
Ijyb hits you with a +0 club.
* * * LOW HITPOINT WARNING * * *
Okay, then.
There is a stone staircase leading up here.
Ijyb barely misses you.
You climb upwards.
There is a stone staircase leading down here.
Ijyb attacks as you move away! Ijyb closely misses you.
It was a potion of might.
You feel very mighty all of a sudden. Ijyb hits you with a +0 club.
You die...

#.##....# #.##....#
#.##....# #.##....#
#.##....# #.##...)#
#.##....# #.##....######
###########
##.#.....'@g>.###.........#
#.∩#.....###...............
#..#.....# #.####......<#.#
#.##.....# #.# #########.#
#.##.##### #.# ######..
#.##.# #.# #....... #.##.#
#.# #....... #.##.# #.#
#...∩... ##.##.# #.#
#.......


You could see Ijyb.

Vanquished Creatures
  A hound (D:3)
  2 adders
  A dart slug (D:3)
  4 endoplasms
  3 goblins (D:1)
  3 hobgoblins
  4 ball pythons
  2 frilled lizards (D:1)
  A kobold (D:2)
  5 rats
26 creatures vanquished.

Notes
Turn   | Place    | Note
-------+----------+-------------------------------------------
     0 | D:1      | Anon1729 the Minotaur Monk began the quest for the Orb.
     0 | D:1      | Reached XP level 1. HP: 19/19 MP: 0/0
    93 | D:1      | Found Dem Paig's Weapon Shoppe.
   101 | D:1      | Reached XP level 2. HP: 27/27 MP: 1/1
   698 | D:2      | Found Raqan's Magic Scroll Shop.
   707 | D:2      | Reached skill level 1 in Armour
   707 | D:2      | Reached skill level 1 in Invocations
   794 | D:2      | Bought a scroll of noise for 13 gold pieces
   794 | D:2      | Bought a scroll of identify for 26 gold pieces
   816 | D:2      | Found Ricustror's Jewellery Boutique.
   872 | D:2      | Found Tuisuleppi's Armour Shop.
  1044 | D:2      | Reached XP level 3. HP: 32/33 MP: 2/2
  1191 | D:2      | Found a faded altar of an unknown god.
  1333 | D:2      | Reached skill level 4 in Fighting
  1361 | D:2      | Found Nasor's General Store.
  1476 | D:3      | Identified the +1 scale mail "Ygoh" {*Slow Fly rN++ MP+9}
  1529 | D:3      | Noticed Ijyb
  1540 | D:3      | Reached XP level 4. HP: 24/40 MP: 2/4
  1858 | D:3      | HP: 1/40 [Ijyb/+0 club (6)]
  1865 | D:2      | Slain by Ijyb

Illustrated notes

Levels and vault maps discovered:
D:1:      reono_arrival_mine, layout_loops_cross, serial_shops,
          nicolae_shop_tiny_glass
D:2:      layout_basic, serial_shops, shop, shop, nicolae_shop_gaudy_bauble,
          nicolae_shop_temple_entry_statues_fountains, serial_glass,
          glass_columns_c, glass_columns_a,
          shapermc_ecumenical_altar_starsandcircs
D:3:      layout_basic, amcnicky_altar_gilded, uniq_ijyb

Skill      XL: |  1  2  3 |
---------------+----------+-----
Armour         | 1 |  1.5
Invocations    | 1 |  1.7
Fighting       | 4 |  4.1
Short Blades   | |  3.8
Dodging        | |  3.7

Action                     |  1- 3 |  4- 6 || total
---------------------------+-------+-------++-------
  Melee: Short sword       |    66 |    11 ||    77
         Headbutt          |     9 |     1 ||    10
    Use: Scroll            |     3 |     1 ||     4
         Potion            |       |     1 ||     1
 Armour: Robe              |     6 |       ||     6
  Dodge: Dodged            |    37 |     9 ||    46

Table legend: (Time is in decaauts)
 A = Elapsed time spent in this place.
 B = Non-inter-level travel time spent in this place.
 C = Inter-level travel time spent in this place.
 D = Time resting spent in this place.
 E = Time spent auto-exploring this place.
 F = Levels seen in this place.
 G = Mean time per level.
                   A        B        C        D        E       F      G
               +--------+--------+--------+--------+--------+-----+--------+
         Total |   1853 |   1752 |    101 |    213 |   1259 |   3 |  617.7 |
       Dungeon |   1853 |   1752 |    101 |    213 |   1259 |   3 |  617.7 |
               +--------+--------+--------+--------+--------+-----+--------+

Top non-repeatable levels by time:
     D:2: 962 daAuts
     D:1: 690 daAuts
     D:3: 201 daAuts
